 Dungeon Crawl Stone Soup version 0.26.1-2-gb8aa6d0cf2 (webtiles) character file.

Game seed: 2031645747068537219

1647 Martska the Skirmisher (level 9, 0/93 HPs)
             Began as an Ogre Hunter on Mar 13, 2021.
             Was a Believer of Okawaru.
             Succumbed to an orc wizard's poison
             ... on level 6 of the Dungeon.
             The game lasted 00:12:00 (10148 turns).

Martska the Skirmisher (Ogre Hunter)               Turns: 10148, Time: 00:12:01

Health: 0/93       AC:  5    Str: 21    XL:     9   Next: 0%
Magic:  11/11      EV: 13    Int: 12    God:    Okawaru [**....]
Gold:   345        SH:  0    Dex: 15    Spells: 8/8 levels left

rFire    . . .     SeeInvis .   m - +0 flail (protect)
rCold    . . .     Faith    .   (no shield)
rNeg     . . .     Spirit   .   b - +1 robe
rPois    .         Reflect  .   (helmet restricted)
rElec    .         Harm     .   l - +0 cloak
rCorr    .         Rampage  .   (gloves unavailable)
Will     .....                  (boots unavailable)
Stlth    +++.......             (no amulet)
HPRegen  0.25/turn              o - +6 ring of dexterity
MPRegen  0.12/turn              j - ring of stealth

@: lethally poisoned (0 -> -16)
A: large, unfitting armour, tough skin 1
a: Renounce Religion, Heroism


You were on level 6 of the Dungeon.
You worshipped Okawaru.
Okawaru was pleased with you.
You visited 1 branch of the dungeon, and saw 6 of its levels.
You also visited: Sewer.

You collected 345 gold pieces.

Inventory:

Hand Weapons
 i - a +0 whip
 m - a +0 flail of protection (weapon)
 p - a -2 mace
Missiles
 d - 2 throwing nets (quivered)
Armour
 b - a +1 robe (worn)
 l - a +0 cloak (worn)
Jewellery
 a - an uncursed ring of protection from cold
 j - a ring of stealth (right hand)
 o - a +6 ring of dexterity (left hand)
Wands
 f - a wand of flame (16)
 q - a wand of digging (8)
 w - a wand of iceblast (18)
Scrolls
 h - a scroll of identify
 k - a scroll of magic mapping
 n - 2 scrolls of amnesia
 r - 4 scrolls of teleportation
 s - a scroll of fog {unknown}
 t - a scroll of fear
 v - a scroll of enchant weapon {unknown}
 x - 3 scrolls of remove curse
Potions
 e - a potion of degeneration
 g - 2 potions of mutation


   Skills:
 * Level 7.4 Fighting
 * Level 4.5 Maces & Flails
 * Level 6.6 Throwing
 * Level 5.1 Dodging
 + Level 1.2 Stealth
 + Level 2.7 Invocations


You had 8 spell levels left.
You didn't know any spells.
Your spell library was empty.

Dungeon Overview and Level Annotations

Branches:
Dungeon (6/15)              Sewer (visited)
 Temple: D:4-7

Altars:
Dithmenos
Nemelex Xobeh
Okawaru
Wu Jian
Xom

Shops:
D:4 [   D:6 :[


Innate Abilities, Weirdness & Mutations

You are too large for most types of armour.
You have tough skin. (AC +1)


Message History

Something hits you but does no damage. The orc wizard closely misses you.
As you read the scroll of fear, it crumbles to dust.
You assume a fearsome visage.
The orc wizard looks frightened!
* * * LOW HITPOINT WARNING * * *
You feel very sick.
The orc wizard casts a spell.
The orc wizard blinks!
* * * LOW HITPOINT WARNING * * *
You feel sick.
The orc wizard mumbles some strange words.
The orc wizard blinks!
* * * LOW HITPOINT WARNING * * *
You feel very sick.
* * * LOW HITPOINT WARNING * * *
You feel sick.
* * * LOW HITPOINT WARNING * * *
You feel sick.
* * * LOW HITPOINT WARNING * * *
You feel sick.
You die...

.................>....+..........
######................##....###..
#........#........#....# #..
######...#.....(..#....# #)#
...#........+....###.#
..#........#.........
.#..............####
##.................
#@#####....[...... #..#
###..###..... #..###.....###..##
#...###........### #...#
#......))##. #......# #...#
##....).###. ......###...#
#......##..
......##...(..##....##...
#.....##...#..###...##...


There were no monsters in sight!

Vanquished Creatures
  A water moccasin (D:5)
  A sky beast (D:5)
  2 ogres
  A centaur (D:4)
  Blork the orc (D:6)
  A scorpion (D:5)
  A bullfrog zombie (D:3)
  2 hounds
  4 orc priests
  Crazy Yiuf (D:2)
  10 orc wizards
  Jessica (D:2)
  Terence (D:2)
  6 worker ants
  A killer bee zombie (D:6)
  A worker ant zombie (D:5)
  13 adders
  A white imp (D:5)
  15 oozes
  3 worms
  2 dart slugs (D:1)
  12 leopard geckos
  11 orcs
  11 ball pythons
  9 bats
  16 giant cockroaches
  4 goblins
  6 hobgoblins
  18 jackals
  A quokka (D:5)
  12 frilled lizards
  6 kobolds
  A quokka zombie (D:5)
  6 rats
182 creatures vanquished.

Vanquished Creatures (others)
  2 orcs (D:4)
2 creatures vanquished.

Grand Total: 184 creatures vanquished

Notes
Turn   | Place    | Note
-------+----------+-------------------------------------------
     0 | D:1      | Martska the Ogre Hunter began the quest for the Orb.
     0 | D:1      | Reached XP level 1. HP: 22/22 MP: 1/1
   261 | D:1      | Reached skill level 3 in Fighting
   261 | D:1      | Reached XP level 2. HP: 16/31 MP: 2/2
   574 | D:1      | Reached XP level 3. HP: 30/37 MP: 3/3
   799 | D:1      | Reached skill level 1 in Maces & Flails
  1612 | D:2      | Reached XP level 4. HP: 40/48 MP: 4/4
  1907 | D:2      | Noticed Terence
  1912 | D:2      | Killed Terence
  1913 | D:2      | Reached skill level 4 in Fighting
  2158 | D:2      | Noticed Jessica
  2160 | D:2      | Killed Jessica
  2161 | D:2      | Reached XP level 5. HP: 54/54 MP: 5/5
  2855 | D:2      | Reached XP level 6. HP: 15/63 MP: 6/6
  3129 | D:2      | Found a sparkling altar of Nemelex Xobeh.
  3133 | D:2      | Found an ornate altar of the Wu Jian Council.
  3137 | D:2      | Found a shimmering altar of Xom.
  3167 | D:2      | Found a runed translucent door.
  3168 | D:2      | Noticed Crazy Yiuf
  3287 | D:2      | Killed Crazy Yiuf
  3288 | D:2      | Reached skill level 5 in Throwing
  4081 | D:3      | Reached skill level 5 in Fighting
  4360 | D:3      | Found a shimmering altar of Xom.
  4361 | D:3      | Found a shimmering altar of Xom.
  4362 | D:3      | Found a shimmering altar of Xom.
  4364 | D:3      | Found a shimmering altar of Xom.
  4364 | D:3      | Found a shimmering altar of Xom.
  4698 | D:3      | Found an iron altar of Okawaru.
  4704 | D:3      | Became a worshipper of Warmaster Okawaru
  5061 | D:4      | HP: 2/66 [centaur (4)]
  5063 | D:4      | Reached XP level 7. HP: 2/72 MP: 7/7
  5382 | D:4      | Found Dihua's Armour Emporium.
  5905 | D:5      | Entered Level 5 of the Dungeon
  6160 | D:5      | Reached skill level 1 in Invocations
  6657 | D:5      | Reached skill level 6 in Fighting
  6988 | D:5      | Reached * piety under Okawaru
  6989 | D:5      | Reached XP level 8. HP: 83/83 MP: 9/9
  8865 | D:6      | Found Suriz's Antique Armour Boutique.
  8878 | D:6      | Found a shadowy altar of Dithmenos.
  8881 | D:6      | Found a glowing drain.
  8893 | Sewer    | Entered a sewer
  8930 | Sewer    | Reached skill level 7 in Fighting
  9374 | D:6      | Reached skill level 1 in Stealth
  9555 | D:6      | Found Gilacs's Book Emporium.
  9578 | D:6      | Noticed Blork the orc
  9607 | D:6      | Killed Blork the orc
 10032 | D:6      | Reached skill level 5 in Dodging
 10123 | D:6      | Reached ** piety under Okawaru
 10125 | D:6      | Reached XP level 9. HP: 91/93 MP: 11/11
 10146 | D:6      | HP: 4/93 [poisoned by an orc wizard]
 10148 | D:6      | Succumbed to an orc wizard's poison

Illustrated notes

Levels and vault maps discovered:
D:1:      elethiomel_arrival_infinity_welcomes_careful_drivers,
          layout_loops_cross, minmay_misc_feat_x, hangedman_decor_growths
D:2:      layout_loops_ring, grunt_temple_overflow_diamond, uniq_jessica,
          uniq_crazy_yiuf_cottage, uniq_terence
D:3:      layout_rooms, okawaru_ov_weapons_minmay, xom_redecorated
D:4:      layout_layer_cave, serial_shops, shop, grunt_ministairs_9,
          hangedman_abyss_or_decor_stabs
D:5:      layout_gridville
D:6:      minmay_flawed_box, layout_basic, serial_shops, nicolae_shop_stone,
          shop, shop, shop, cheibrodos_sewer_entry_drain, serial_curves,
          eino_curves_04, eino_curves_03, grunt_dithmenos_smoke,
          uniq_blork_the_orc, uniq_duvessa

Skill      XL: |  1  2  3  4  5  6  7  8 |
---------------+-------------------------+-----
Fighting       | 3 4 5 6 7 |  7.4
Dodging        | 2 3 4 5 |  5.1
Maces & Flails | 1 2 3 4 |  4.5
Throwing       | 5 6 |  6.6
Invocations    | 1 2 |  2.7
Stealth        | 1 |  1.2

Action                   |  1- 3 |  4- 6 |  7- 9 || total
-------------------------+-------+-------+-------++-------
Melee: Short sword       |    46 |       |       ||    46
       Whip              |    93 |    27 |       ||   120
       Mace              |       |   279 |    68 ||   347
       Flail             |       |       |   312 ||   312
Throw: Large rock        |     1 |    22 |    22 ||    45
Invok: Heroism           |       |       |     1 ||     1
  Use: Scroll            |       |    10 |     4 ||    14
       Potion            |       |     4 |     2 ||     6
 Stab: Sleeping          |     1 |       |     5 ||     6
Armor: Robe              |    63 |   154 |   191 ||   408
Dodge: Dodged            |    92 |   261 |   296 ||   649
